 Dungeon Crawl Stone Soup version 0.27-a0-531-gb72ec1a1b6 (webtiles) character file.

Game seed: 1726656629994443277

58 karrick the Skirmisher (level 3, -1/29 HPs)
             Began as a Demonspawn Abyssal Knight on Mar 6, 2021.
             Was a Believer of Lugonu.
             Hit by a stone thrown by a gnoll (5 damage)
             ... on level 2 of the Dungeon.
             The game lasted 00:03:33 (2272 turns).

karrick the Skirmisher (Demonspawn Abyssal Knight)  Turns: 2272, Time: 00:03:34

Health: -1/29      AC:  5    Str: 13    XL:     3   Next: 75%
Magic:  5/5        EV: 11    Int: 13    God:    Lugonu [**....]
Gold:   60         SH:  0    Dex: 12    Spells: 2/2 levels left

rFire    . . .     SeeInvis .   a - +1 hand axe
rCold    . . .     Faith    .   (no shield)
rNeg     . . .     Spirit   .   b - +0 leather armour
rPois    .         Reflect  .   j - +0 helmet
rElec    .         Harm     .   (no cloak)
rCorr    .         Rampage  .   (no gloves)
Will     .....                  e - +0 pair of boots
Stlth    +.........             (no amulet)
HPRegen  0.09/turn              m - ring of wizardry
MPRegen  0.18/turn              (no ring)

@: no status effects
A: magic regeneration
a: Renounce Religion, Depart the Abyss, Bend Space


You were on level 2 of the Dungeon.
You worshipped Lugonu.
Lugonu was pleased with you.
You visited 1 branch of the dungeon, and saw 3 of its levels.
You visited the Abyss 1 time.

You collected 60 gold pieces.

Inventory:

Hand Weapons
 a - a +1 hand axe (weapon)
Armour
 b - a +0 leather armour (worn)
 e - a +0 pair of boots (worn)
 j - a +0 helmet (worn)
Jewellery
 m - a ring of wizardry (left hand)
Scrolls
 d - 4 scrolls of identify {unknown}
 f - 3 scrolls of amnesia {unknown}
 h - a scroll of magic mapping {unknown}
 i - 2 scrolls of fear {unknown}
 l - a scroll of enchant weapon {unknown}
Potions
 c - a potion of might {unknown}
 g - a potion of curing {unknown}
 k - 2 potions of heal wounds {unknown}


   Skills:
 + Level 3.5 Fighting
 + Level 2.8 Axes
 + Level 2.0 Armour
 + Level 1.3 Dodging
 * Level 2.8 Invocations


You had 2 spell levels left.
You didn't know any spells.
Your spell library was empty.

Dungeon Overview and Level Annotations

Branches:
Dungeon (3/15)

Altars:
Ashenzari
Cheibriados


Innate Abilities, Weirdness & Mutations

You regenerate magic rapidly.


Message History

A worker ant zombie comes into view.
A hound skeleton comes into view.
The gnoll hits you but does no damage.
You hit the gnoll.
The gnoll is lightly wounded.
A gnoll comes into view.
The gnoll misses you.
You completely miss the gnoll.
The gnoll is lightly wounded.
The gnoll closely misses you.
The gnoll shouts!
You hit the gnoll.
The gnoll is heavily wounded.
You hit the gnoll. The gnoll misses you. The gnoll hits you but does no damage.
You hit the gnoll.
The gnoll is almost dead.
You hit the gnoll. The gnoll hits you with a +0 spear!
The gnoll hits you but does no damage. The gnoll hits you with a +0 spear.
You completely miss the gnoll.
The gnoll is almost dead.
You hit the gnoll. You closely miss the hound skeleton.
The hound skeleton bites you. The gnoll hits you.
A hobgoblin comes into view.
The gnoll hits you but does no damage.
Unknown command.
The gnoll barely misses you. The hound skeleton bites you.
* * * LOW HITPOINT WARNING * * *
The worker ant zombie waves its antennae.
The hobgoblin shouts!
The gnoll hits you.
* * * LOW HITPOINT WARNING * * *
The gnoll barely misses you.
There is a stone staircase leading up here.
The gnoll closely misses you. The gnoll hits you but does no damage.
You climb upwards.
There is a stone staircase leading down here.
Space bends around you!
You blink.
The gnoll throws a stone.
The stone hits you but does no damage.
The gnoll throws a stone.
The stone hits you but does no damage.
The gnoll throws a stone.
The stone hits you.
You die...

.........(.#.###...###.# #......#
......#..............#.# #......#
...................#.#.# #......#
..#...##.#.#.......#.#.# #......#
.........#.#...#...#.#.# ########
..###..........#.#.#.#.#
#.######.#.#...#.#...#.#
#........#...........#.#
#.............##@##..#.#
#.......#.....##...#.#.#
#......##.#.#)##.......#
#.....##.....<##...#g#.#
#....##..##.####.###...##########
#...##......# #.# ##..##.......#
#..##.....### ### #..##.......#
####...[..# ##.##.......#
..#.......# #>.........#


You could see a gnoll.

Vanquished Creatures
  An adder zombie (D:3)
  3 dart slugs (D:2)
  4 bats (D:2)
  7 giant cockroaches
  4 goblins (D:2)
  3 hobgoblins
  7 jackals
  5 kobolds
  4 frilled lizards
  A giant cockroach zombie (D:3)
  2 jackal skeletons
  4 rats
45 creatures vanquished.

Notes
Turn   | Place    | Note
-------+----------+-------------------------------------------
     0 | Abyss:1  | karrick the Demonspawn Abyssal Knight began the quest for
                  | the Orb.
     0 | Abyss:1  | Reached XP level 1. HP: 18/18 MP: 2/2
    94 | Abyss:1  | Noticed a daeva
    95 | D:1      | Escaped the Abyss
   290 | D:1      | Reached * piety under Lugonu
   291 | D:1      | Reached skill level 1 in Dodging
   291 | D:1      | Gained mutation: You regenerate magic rapidly. [demonic
                  | ancestry]
   291 | D:1      | Reached XP level 2. HP: 24/24 MP: 3/3
  1233 | D:2      | Reached XP level 3. HP: 29/29 MP: 4/4
  1461 | D:2      | Found a snail-covered altar of Cheibriados.
  1698 | D:2      | Found a broken altar of Ashenzari.
  2242 | D:3      | Reached ** piety under Lugonu
  2272 | D:2      | Hit by a stone thrown by a gnoll

Illustrated notes

Levels and vault maps discovered:
D:1:      erik_arrival_triangle_small, layout_basic,
          chequers_serial_rivers_room_b
D:2:      layout_basic, lemuel_crystal_altar, minivault_27,
          nicolae_ashenzari_panopticon
D:3:      layout_loops_ring, serial_undead, serial_undead_b, serial_undead_f,
          serial_undead_f, serial_undead_a

Skill      XL: |  1  2  3 |
---------------+----------+-----
Axes           | 2 |  2.8
Dodging        | 1 |  1.3
Armour         | 2 |  2.0
Fighting       | |  3.5
Invocations    | |  2.8

Action                   || total
-------------------------++-------
Melee: Hand axe          ||   156
Invok: Depart the Abyss  ||     1
       Bend Space        ||     1
Armor: Leather armour    ||    83
Dodge: Dodged            ||   124

Table legend: (Time is in decaauts)
 A = Elapsed time spent in this place.
 B = Non-inter-level travel time spent in this place.
 C = Inter-level travel time spent in this place.
 D = Time resting spent in this place.
 E = Time spent auto-exploring this place.
 F = Levels seen in this place.
 G = Mean time per level.
                   A        B        C        D        E       F      G
               +--------+--------+--------+--------+--------+-----+--------+
         Total |   2301 |   2222 |     79 |    166 |   1723 |   4 |  575.2 |
       Dungeon |   2206 |   2127 |     79 |    166 |   1630 |   3 |  735.3 |
         Abyss |     95 |     95 |      0 |      0 |     93 |   1 |   95.0 |
               +--------+--------+--------+--------+--------+-----+--------+

Top non-repeatable levels by time:
     D:2: 1231 daAuts
     D:1: 942 daAuts
 Abyss:1: 95 daAuts
     D:3: 32 daAuts
